Map: Lost and Found LE

Players

ShoWTimE

  • Race: Protoss Protoss
  • Spawn Location: 7:00

Kelazhur - Winner!

  • Race: Terran Terran
  • League: Master
  • Spawn Location: 1:00

Event: WCS Austin 2018

VOD

Have the link to the VOD?

Description

Time

  • Played on: June 1, 2018, 10 p.m.
  • Length: 10:26

All games in this series

Show
View Real Time Build Order
Export as new Build Order

ShoWTimE Protoss 

Build Orders:  

Get SALT Encoding   

  12  0:00  Probe  
  13  0:12  Probe  
  14  0:18  Pylon  
  14  0:24  Probe  
  15  0:32  Probe  
  15  0:39  Gateway  
  15  0:40  Probe  
  16  0:46  Assimilator  
  17  0:51  Probe  
  18  0:58  Pylon  
  18  1:03  Probe  
  19  1:15  Probe  
  19  1:16  Gateway  
  20  1:27  Probe  
  20  1:28  Cybernetics Core  
  21  1:34  Assimilator  
  21  1:39  Probe  
  22  1:51  Probe  
  23  1:54  Stalker  
  23  1:55  Stalker  
  23  2:07  Warp Gate  
  27  2:11  Pylon  
  27  2:24  Stalker  
  27  2:26  Stalker  
  31  2:39  Pylon  
  31  2:54  Stalker  
  33  2:58  Shield Battery  
  33  3:11  Stalker  
  35  3:16  Stargate  
  33  3:20  Shield Battery  
  33  3:28  Stalker  
  33  3:33  Shield Battery  
  35  3:45  Void Ray  
  35  3:49  Shield Battery, Pylon  
  39  4:10  Shield Battery x2  
  39  4:13  Adept  
  41  4:21  Void Ray  
  45  4:37  Shield Battery  
  45  4:56  Nexus  
  45  5:03  Probe  
  46  5:09  Void Ray  
  46  5:15  Probe  
  51  5:26  Pylon  
  51  5:33  Stalker  
  36  5:53  Probe  
  37  6:00  Sentry  
  39  6:04  Probe  
  39  6:05  Sentry  
  42  6:12  Probe  
  42  6:13  Probe  
  44  6:20  Probe  
  44  6:23  Probe  
  46  6:31  Probe  
  46  6:32  Probe  
  46  6:39  Probe  
  48  6:44  Probe  
  50  6:51  Probe  
  50  6:52  Stalker  
  53  6:56  Probe  
  50  7:02  Sentry  
  50  7:03  Probe  
  53  7:08  Probe, Pylon  
  55  7:15  Probe  
  55  7:20  Probe  
  55  7:21  Twilight Council  
  56  7:23  Pylon  
  56  7:26  Probe  
  56  7:29  Probe  
  57  7:34  Probe  
  58  7:37  Probe  
  58  7:42  Probe  
  60  7:44  Pylon  
  60  7:47  Probe  
  60  7:49  Gateway  
  62  7:52  Charge  
  62  7:54  Probe  
  63  7:59  Probe  
  63  8:02  Dark Shrine  
  64  8:06  Probe  
  64  8:08  Assimilator  
  64  8:11  Assimilator, Gateway  
  66  8:12  Probe  
  66  8:18  Probe  
  67  8:23  Zealot x2  
  67  8:25  Probe  
  72  8:29  Gateway  
  72  8:33  Gateway  
  72  8:42  Pylon  
  72  8:46  Gateway  
  72  8:57  Nexus  
  72  9:03  Pylon  
  72  9:07  Forge  
  72  9:10  Probe  
  72  9:11  Probe  
  74  9:18  Dark Templar x2  
  74  9:23  Dark Templar  
  80  9:30  Pylon  
  80  9:33  Dark Templar  
  80  9:37  Dark Templar  
  78  9:40  Dark Templar  
  77  9:49  Dark Templar  
  79  9:54  Zealot x2  
  81  10:01  Zealot  
  81  10:06  Zealot  
  61  10:10  Dark Templar  
  53  10:15  Zealot x3  
  42  10:22  Dark Templar  
Show
View Real Time Build Order
Export as new Build Order

Kelazhur Terran - Winner!

Build Orders: Gas First Reaper Expand, Reaper Expand, MMM Bio 

Get SALT Encoding   

  12  0:00  SCV  
  13  0:12  SCV  
  14  0:17  Supply Depot  
  14  0:24  SCV  
  14  0:27  Refinery  
  15  0:38  SCV  
  16  0:43  Barracks  
  16  0:50  SCV  
  17  1:02  SCV  
  18  1:14  SCV  
  19  1:31  Orbital Command, Reaper  
  20  1:41  Command Center  
  20  1:55  Factory  
  20  1:57  SCV  
  21  2:04  Barracks Reactor  
  21  2:06  Refinery  
  21  2:09  SCV  
  21  2:14  Supply Depot  
  22  2:21  SCV  
  23  2:35  SCV  
  23  2:36  Bunker  
  23  2:40  Marine x2  
  23  2:41  Widow Mine  
  27  2:47  Starport  
  27  2:49  SCV  
  28  2:58  Marine x2  
  28  3:01  SCV  
  31  3:11  Supply Depot  
  31  3:14  Factory Tech Lab  
  31  3:17  Command Center  
  31  3:33  Marine x2, SCV  
  34  3:40  Siege Tank  
  39  3:44  Supply Depot  
  39  3:47  Viking  
  39  3:58  Supply Depot  
  39  4:06  Marine x2  
  39  4:07  SCV  
  42  4:12  Siege Tank  
  45  4:20  Medivac  
  45  4:24  Marine x2  
  49  4:26  SCV  
  50  4:38  Orbital Command  
  50  4:41  Marine  
  52  4:45  Supply Depot  
  52  4:47  Bunker  
  52  4:48  Marine  
  52  4:50  Viking  
  55  5:00  SCV  
  55  5:03  Siege Tank  
  58  5:14  Supply Depot, SCV x2  
  58  5:15  Marine  
  61  5:29  SCV  
  61  5:35  Marine, SCV  
  64  5:42  SCV  
  61  5:47  Siege Tank, SCV  
  61  5:49  Viking  
  67  5:53  Barracks, Marine  
  68  6:05  Barracks  
  68  6:07  Engineering Bay  
  68  6:09  SCV  
  69  6:22  Barracks Tech Lab  
  69  6:30  Medivac, Supply Depot  
  66  6:35  Orbital Command  
  66  6:40  SCV  
  67  6:52  SCV  
  69  6:54  Stimpack  
  69  6:55  Barracks Tech Lab  
  69  6:56  Barracks Reactor  
  68  7:02  SCV  
  68  7:04  SCV  
  68  7:05  Marine  
  71  7:09  Terran Infantry Weapons Level 1  
  71  7:10  Bunker, Missile Turret  
  71  7:11  Starport Reactor  
  74  7:15  SCV  
  74  7:16  Barracks  
  74  7:17  Barracks  
  74  7:18  Refinery, Marine  
  73  7:23  Combat Shields  
  73  7:24  SCV  
  73  7:27  SCV  
  75  7:31  Marine x2  
  75  7:36  SCV  
  78  7:45  Refinery  
  78  7:46  Supply Depot  
  78  7:54  Supply Depot  
  78  7:55  Supply Depot, Factory Reactor  
  78  8:06  Supply Depot  
  78  8:07  Marine x3  
  78  8:08  Medivac x2, SCV  
  78  8:10  Barracks Reactor, Barracks Tech Lab  
  86  8:15  Marine, Supply Depot  
  86  8:16  Concussive Shells, Supply Depot  
  86  8:18  Marauder  
  89  8:26  Marauder  
  91  8:27  Supply Depot  
  91  8:29  Marine x2  
  91  8:33  Marauder  
  95  8:37  Widow Mine  
  95  8:38  Widow Mine  
  95  8:39  Medivac, Supply Depot  
  95  8:40  Medivac  
  103  8:43  Supply Depot  
  103  8:46  Marauder  
  105  8:48  Missile Turret  
  105  8:52  Marine x2  
  107  8:57  Marauder  
  107  9:02  Marauder  
  111  9:08  Marauder, Marine x2  
  115  9:10  Marine  
  115  9:13  Marine  
  117  9:19  Marauder  
  119  9:24  Marauder  
  119  9:25  Marine  
  119  9:30  Marauder  
  124  9:36  Marine  
  125  9:39  Marine  
  125  9:40  Marauder  
  127  9:46  Marauder  
  127  9:47  Marine x2  
  127  9:51  Marauder  
  131  9:54  Marine  
  131  9:57  Marine  
  132  10:02  Marauder  
  132  10:05  Marine x2  
  127  10:07  Marine  
Tags
 
Add a new tag
Caveats
  • Supply blocks, unpowered buildings, or Contaminate may cause inaccurate times.
  • Supply counts are checked every 10 seconds.